 Dungeon Crawl Stone Soup version 0.30-a0-802-gb92711bcdf (webtiles) character file.

Game seed: 6991640555143161090

49 bande the Covered (level 3, -1/24 HPs)
             Began as a Gargoyle Fighter on Feb 25, 2023.
             Killed by an exploding frilled lizard (25 damage)
             ... ignited by their inner flame
             ... on level 2 of the Dungeon.
             The game lasted 00:01:44 (842 turns).

bande the Covered (Gargoyle Fighter)                 Turns: 842, Time: 00:01:45

Health: -1/24      AC: 17    Str: 19    XL:     3   Next: 77%
Magic:  3/3        EV:  5    Int:  8    God:
Gold:   80         SH:  4    Dex: 11    Spells: 2/2 levels left

rFire   . . .      SeeInvis .    a - +0 war axe
rCold   . . .      Faith    .    c - +0 buckler
rNeg    + . .      Spirit   .    l - +0 plate armour
rPois   ∞          Reflect  .    (no helmet)
rElec   +          Harm     .    (no cloak)
rCorr   .          Rampage  .    b - +1 pair of gloves
Will    .....                    (no boots) Stlth
                                 (no amulet)
HPRegen 0.24/turn                (no ring)
MPRegen 0.08/turn                (no ring)

@: no status effects
A: sickness immunity, AC +3, negative energy resistance 1, electricity
resistance, torment resistance 1, petrification resistance
a: no special abilities


You were on level 2 of the Dungeon.
You visited 1 branch of the dungeon, and saw 2 of its levels.

You collected 80 gold pieces.

Inventory:

Hand Weapons
 a - a +0 war axe (weapon)
Armour
 b - a +1 pair of gloves (worn)
 c - a +0 buckler (worn)
 l - a +0 plate armour (worn)
Potions
 d - a potion of might
 g - 3 potions of flight
 h - a potion of ambrosia {unknown}
 i - a potion of magic {unknown}
 j - 2 potions of heal wounds
 m - a potion of curing {unknown}


   Skills:
 + Level 3.8 Fighting
 + Level 2.4 Axes
 + Level 3.9 Armour
 + Level 3.6 Shields


You had 2 spell levels left.
You didn't know any spells.
Your spell library was empty.

Dungeon Overview and Level Annotations

Branches:
Dungeon (2/15)

Altars:


Innate Abilities, Weirdness & Mutations

You are immune to sickness and miasma.
Your stone body is resilient. (AC +3)
You are immune to poison.
You resist negative energy. (rN+)
You are resistant to electric shocks. (rElec)
You are resistant to unholy torment.
You are immune to petrification.


Message History

You block the bat's attack.
You closely miss the bat. You hit the bush but do no damage.
The bat completely misses you. The bat barely misses you.
You block the bat's attack.
You barely miss the bat. The bat barely misses you.
You slash the bat!
You kill the bat!
No target in view!
No target in view!
No target in view!
No target in view!
No target in view!
No target in view!
No target in view!
n - a scroll labelled LUWESU DOUT
Things that are here:
5 stones; a bat corpse
As you read the scroll labelled TUAKAG ELONENAQ, it crumbles to dust.
It is a scroll of identify.
g - 3 potions of flight
As you read the scroll of identify, it crumbles to dust.
j - 2 potions of heal wounds
As you read the scroll of identify, it crumbles to dust.
e - a potion of attraction You drop a potion of attraction.
A frilled lizard comes into view.
As you read the scroll labelled SEDUYRPH YSIDGH, it crumbles to dust.
The scroll dissolves into smoke.
It was a scroll of fog.
The frilled lizard hisses angrily.
As you read the scroll labelled LUWESU DOUT, it crumbles to dust.
The creatures around you are filled with an inner flame!
It was a scroll of immolation.
A frilled lizard is nearby!
A frilled lizard is nearby!
You hit the frilled lizard.
The frilled lizard explodes!
The fiery explosion engulfs you!!
Ouch! That really hurt!
You die...

..######.#.....♣.♣ #.#
#.#
#.............##..##
♣.♣
##..<..............## #
...###..............##.
..###.................
♣..................##
♣..#...(.♣♣♣♣♣...)<#
♣#.......♣♣P♣♣§§§§.#
###.>.......§§@§§.#
♣...#....♣♣♣♣♣§§§§.#
♣##.##...♣♣♣♣♣..§#.#
#...........#### #
####...#..#..#
#.....### #........
#.........#
...........^#


There were no monsters in sight!

Vanquished Creatures
  An adder (D:2)
  3 worms (D:2)
  A dart slug (D:1)
  A ball python (D:2)
  An endoplasm (D:2)
  3 giant cockroaches
  A goblin (D:1)
  7 hobgoblins (D:1)
  3 kobolds
  3 bats
  A frilled lizard (D:2)
  4 rats
29 creatures vanquished.

Vanquished Creatures (others)
  2 plants (D:2)
2 creatures vanquished.

Grand Total: 31 creatures vanquished

Notes
Turn   | Place    | Note
-------+----------+-------------------------------------------
     0 | D:1      | bande the Gargoyle Fighter began the quest for the Orb.
     0 | D:1      | Reached XP level 1. HP: 14/14 MP: 1/1
   130 | D:1      | Reached XP level 2. HP: 19/19 MP: 2/2
   713 | D:2      | Reached XP level 3. HP: 22/24 MP: 3/3
   842 | D:2      | Killed by an exploding frilled lizard... ignited by their
                  | inner flame

Illustrated notes

Levels and vault maps discovered:
D:1:      matt_arrival_spirals, layout_rooms, bh_walls_and_bars
D:2:      layout_rooms, serial_forest, infiniplex_forest_lined_4_way,
          infiniplex_forest_lined_1, infiniplex_forest_clump_double,
          infiniplex_forest_straight_4, infiniplex_forest_clump_small,
          infiniplex_forest_side_room, infiniplex_forest_zigzag_1, serial_shops,
          nicolae_shop_statue_plus, minmay_heptomino_w4

Skill      XL: |  1  2 |
---------------+-------+-----
Axes           | 2 |  2.4
Fighting       | |  3.8
Armour         | |  3.9
Shields        | |  3.6

Action                     || total
---------------------------++-------
  Melee: War axe           ||    78
    Use: Scroll            ||     5
 Armour: Scale mail        ||    25
         Plate armour      ||    16
  Dodge: Dodged            ||    31
  Block: Buckler           ||    13

Table legend: (Time is in decaauts)
 A = Elapsed time spent in this place.
 B = Non-inter-level travel time spent in this place.
 C = Inter-level travel time spent in this place.
 D = Time resting spent in this place.
 E = Time spent auto-exploring this place.
 F = Levels seen in this place.
 G = Mean time per level.
                   A        B        C        D        E       F      G
               +--------+--------+--------+--------+--------+-----+--------+
         Total |    875 |    826 |     49 |      0 |    583 |   2 |  437.5 |
       Dungeon |    875 |    826 |     49 |      0 |    583 |   2 |  437.5 |
               +--------+--------+--------+--------+--------+-----+--------+

Top non-repeatable levels by time:
     D:1: 718 daAuts
     D:2: 157 daAuts
